 Dungeon Crawl Stone Soup version 0.27.1-1-g398f81649c (webtiles) character file.

Game seed: 14341488457423805306

23 nxtlvl the Ruffian (level 2, 0/23 HPs)
             Began as a Minotaur Transmuter on Sept 19, 2021.
             Slain by an endoplasm (3 damage)
             ... on level 2 of the Dungeon.
             The game lasted 00:02:12 (312 turns).

nxtlvl the Ruffian (Minotaur Transmuter)             Turns: 312, Time: 00:02:13

Health: 0/23       AC:  3    Str: 14    XL:     2   Next: 72%
Magic:  0/3        EV: 11    Int: 10    God:
Gold:   11         SH:  0    Dex: 10    Spells: 2/3 levels left

rFire    . . .     SeeInvis .     - Unarmed
rCold    . . .     Faith    .   (no shield)
rNeg     . . .     Spirit   .   c - +0 leather armour
rPois    .         Reflect  .   (helmet restricted)
rElec    .         Harm     .   (no cloak)
rCorr    .         Rampage  .   (no gloves)
Will     .....                  (no boots)
Stlth    +.........             (no amulet)
HPRegen  0.07/turn              (no ring)
MPRegen  0.08/turn              (no ring)

@: very slightly contaminated
A: horns 2, retaliatory headbutt
a: no special abilities


You were on level 2 of the Dungeon.
You visited 1 branch of the dungeon, and saw 2 of its levels.

You collected 11 gold pieces.

Inventory:

Armour
 c - a +0 leather armour (worn)
Scrolls
 a - a scroll of silence {unknown}
Potions
 b - a potion of degeneration {unknown}


   Skills:
 - Level 1.2 Fighting
 - Level 2.1 Dodging
 * Level 4.4 Unarmed Combat
 - Level 1.3 Spellcasting
 - Level 1.5 Transmutations


You had 2 spell levels left.
You knew the following spells:

 Your Spells              Type           Power      Damage    Failure   Level
a - Beastly Appendage     Tmut           6%         N/A       22%         1

Your spell library contained the following spells:

 Spells                   Type           Power      Damage    Failure   Level
 Wereblood                Tmut           3%         N/A       34%         2
 Spider Form              Tmut/Pois      1%         N/A       67%         3
 Ice Form                 Ice/Tmut       2%         N/A       97%         4


Dungeon Overview and Level Annotations

Branches:
Dungeon (2/15)

Altars:


Innate Abilities, Weirdness & Mutations

You have a pair of horns on your head.
You reflexively headbutt those who attack you in melee.


Message History

You kill the jackal!
The jackal closely misses you. You furiously retaliate!
You headbutt the jackal!
You kill the jackal!
The jackal closely misses you. You furiously retaliate!
You headbutt the jackal!
You kill the jackal!
You see here a jackal corpse.
Your talons disappear.
An orc comes into view. It is wielding a +0 club.
The orc shouts!
Casting: Beastly Appendage (safe; 22% risk of failure)
Confirm with . or Enter, or press ? or * to list all spells.
Your feet morph into talons.
You hit the orc. Your kick misses the orc.
The orc is severely wounded.
The orc hits you with a +0 club.
* * * LOW HITPOINT WARNING * * *
You hit the orc.
You kill the orc!
Things that are here:
a +0 club; a +0 leather armour; an orc corpse
Found 21 stones.
Your talons disappear.
You open the door.
An endoplasm comes into view.
The endoplasm quivers.
There is an open door here.
Casting: Beastly Appendage (safe; 22% risk of failure)
Confirm with . or Enter, or press ? or * to list all spells.
You miscast Beastly Appendage.
You are very lightly contaminated with residual magic.
Nothing appears to happen.
Casting: Beastly Appendage (safe; 22% risk of failure)
Confirm with . or Enter, or press ? or * to list all spells.
You miscast Beastly Appendage.
Nothing appears to happen.
You hit the endoplasm.
The endoplasm is lightly wounded.
The endoplasm hits you.
You die...

.# # .# # #. .# .#.# .#
# #.(# #+## .# #.##..#
#...# .# #.....# #.....
†# ##.## #......
.#########...####.......
........).......@J...^..
#######......####.......
#.#........#......
#.#.#..###. #.....
#.#.#...# #...#
#.#.##..# #+## #.#.##..#
#.......#


You could see an endoplasm.

Vanquished Creatures
  An orc (D:2)
  2 ball pythons (D:1)
  2 endoplasms (D:1)
  2 giant cockroaches (D:1)
  3 goblins (D:1)
  4 jackals (D:2)
  A kobold (D:1)
  2 frilled lizards (D:1)
  A rat (D:1)
18 creatures vanquished.

Notes
Turn   | Place    | Note
-------+----------+-------------------------------------------
     0 | D:1      | nxtlvl the Minotaur Transmuter began the quest for the Orb.
     0 | D:1      | Reached XP level 1. HP: 16/16 MP: 1/1
   108 | D:1      | Reached skill level 4 in Unarmed Combat
   108 | D:1      | Reached XP level 2. HP: 9/23 MP: 0/3
   312 | D:2      | Slain by an endoplasm

Illustrated notes

Levels and vault maps discovered:
D:1:      sevenhm_arrival_forest_fort_small_3, layout_loops_ring,
          minmay_misc_feat_nine_boxes
D:2:      cheibrodos_greedy_goblins, layout_loops_corners, serial_shops,
          shop_fountains, shop, nicolae_diamond_shop, nicolae_square_shop

Skill      XL: |  1 |
---------------+----+-----
Unarmed Combat | 4 |  4.4
Fighting       | |  1.2
Dodging        | |  2.1
Spellcasting   | |  1.3
Transmutations | |  1.5

Action                   || total
-------------------------++-------
Melee: Unarmed           ||    48
       Kick              ||     5
       Headbutt          ||     3
       Punch             ||     1
 Cast: Beastly Appendage ||     9
Armor: Robe              ||     2
       Leather armour    ||     5
Dodge: Dodged            ||    18
